 Dungeon Crawl Stone Soup version 0.31-a0-1620-gcbf77bbcfc (webtiles) character file.

Game seed: 6261758758315408903

2982 Newt the Skirmisher (level 10, -3/64 HPs)
             Began as a Kobold Hunter on Jan 11, 2024.
             Killed from afar by a steam dragon (21 damage)
             ... with a ball of steam
             ... on level 8 of the Dungeon.
             The game lasted 00:08:29 (8514 turns).

Newt the Skirmisher (Kobold Hunter)                 Turns: 8514, Time: 00:08:30

Health: -3/64      AC:  4    Str: 12    XL:     10   Next: 9%
Magic:  10/10      EV: 20    Int: 11    God:
Gold:   211        SH:  0    Dex: 22    Spells: 9/9 levels left

rFire   . . .        a - +1 shortbow
rCold   . . .        (shield currently unavailable)
rNeg    + . .        A - +2 robe of Kindness {rN+ Str+3}
rPois   .            s - +0 hat
rElec   .            (no cloak)
rCorr   .            (no gloves)
SInv    +            (no boots)
Will    +....        (no amulet)
Stlth   +++          k - ring of willpower
HPRegen 0.30/turn    g - ring of see invisible
MPRegen 0.12/turn

%: no passive effects
@: no status effects
A: small, no large weapons, nightstalker 3
a: no special abilities


You were on level 8 of the Dungeon.
You visited 2 branches of the dungeon, and saw 9 of its levels.
You also visited: Sewer.

You collected 432 gold pieces.
You spent 221 gold pieces at shops.

Inventory:

Hand Weapons
 a - a +1 shortbow (weapon)
Armour
 c - a +1 leather armour
 s - a +0 hat (worn)
 A - the +2 robe of Kindness (worn) {rN+ Str+3}
   (You found it on level 7 of the Dungeon)

   Str+3:     It affects your strength (+3).
   rN+:       It protects you from negative energy.
Jewellery
 d - a ring of flight
 e - a ring of fire
 g - a ring of see invisible (right hand)
 k - a ring of willpower (left hand)
Wands
 q - a wand of mindburst (5)
Scrolls
 b - 2 scrolls of butterflies
 h - 2 scrolls of enchant armour
 x - a scroll of fog
 y - a scroll of fear
 B - a scroll of identify
Potions
 f - a potion of ambrosia
 i - 2 potions of magic
 j - a potion of brilliance
 l - 4 potions of curing
 m - 2 potions of resistance
 n - 3 potions of mutation
 o - 2 potions of attraction
 p - a potion of degeneration
 r - a potion of cancellation
 t - a potion of enlightenment
 u - 2 potions of invisibility {unknown}
 v - a potion of might {unknown}
 w - 4 potions of heal wounds {unknown}
 z - a potion of lignification


   Skills:
 - Level 8.0 Fighting
 + Level 12.2 Ranged Weapons
 - Level 7.0 Dodging
 - Level 1.3 Stealth
 - Level 6.0 Evocations


You had 9 spell levels left.
You didn't know any spells.
Your spell library contained the following spells:

 Spells                   Type           Power      Damage    Failure   Level
 Blink                    Tloc           0%         N/A       47%         2
 Lesser Beckoning         Tloc           0%         N/A       47%         2
 Momentum Strike          Conj/Tloc      0%         3d8       47%         2


Dungeon Overview and Level Annotations

Branches:
Dungeon (8/15)             Temple (1/1) D:7           Sewer (visited)
   Lair: D:8-11

Altars:
Ashenzari
Dithmenos
Elyvilon
Fedhas
Gozag
Kikubaaqudgha
Makhleb
Nemelex Xobeh
Okawaru
Qazlal
Ru
Sif Muna
Trog
Uskayaw
Vehumet
Yredelemnul
The Shining One

Shops:
D:1 !


Innate Abilities, Weirdness & Mutations

You are small and have problems with some larger weapons.
You are completely attuned to the shadows.


Message History

Aim: a steam dragon (severely wounded, 73% to hit)
You shoot an arrow.
The arrow hits the steam dragon but does no damage.
The steam dragon is severely wounded.
The steam dragon barely misses you. x2
Unknown command.
Fire: a) +1 shortbow
Press: ? - help, Q - select action, (/) - cycle Shift-Dir - straight line, f/p - steam dragon
Aim: a steam dragon (severely wounded, 73% to hit)
You shoot an arrow.
The arrow closely misses the steam dragon.
The steam dragon breathes steam at you. The ball of steam misses you.
You hear a shout!
The steam dragon completely misses you. The steam dragon misses you.
Unknown command.
Fire: a) +1 shortbow
Press: ? - help, Q - select action, (/) - cycle Shift-Dir - straight line, f/p - steam dragon
Aim: a steam dragon (steam, severely wounded, 73% to hit)
You shoot an arrow. The arrow hits the steam dragon.
The steam dragon is severely wounded.
You are engulfed in a cloud of scalding steam.
* * * LOW HITPOINT WARNING * * *
The steam dragon misses you. The steam dragon claws you.
* * * LOW HITPOINT WARNING * * *
Fire: a) +1 shortbow
Press: ? - help, Q - select action, (/) - cycle Shift-Dir - straight line, f/p - steam dragon
Aim: a steam dragon (severely wounded, 73% to hit)
You shoot an arrow. The arrow hits the steam dragon.
The steam dragon is almost dead.
Unknown command.
Unknown command.
Fire: a) +1 shortbow
Press: ? - help, Q - select action, (/) - cycle Shift-Dir - straight line, f/p - steam dragon
Aim: a steam dragon (almost dead, 73% to hit)
You shoot an arrow.
The arrow closely misses the steam dragon.
The steam dragon breathes steam at you. The ball of steam hits you!!
You die...

.....)#.. ........
#......# .....###
.......### .......###
...........#........#
..###..... ..........#
.###<.....
#.§#......####
..........
#.#@§§......#
.########.
#.D§..§.....# ##
.....#§§§.....#######
#
####.§..........)<†.##
# ......>.##.##.)....#
# .###....##.######..#
. #.....#..### ##..
#......#...# #.#
#....#.#...# #..


You could see a steam dragon (catching breath).

Vanquished Creatures
  Pikel (D:5)
  Menkaure (D:6)
  An ice beast (D:6)
  2 sky beasts (D:7)
  A black bear (D:6)
  3 ogres
  A phantom (D:7)
  A weeping skull (D:6)
  2 brain worms (Sewer)
  A bullfrog (D:8)
  5 kobold brigands
  2 scorpions (D:5)
  2 killer bees (D:7)
  5 hounds
  2 orc priests
  2 bombardier beetles
  A jelly (D:6)
  A gnoll bouda (D:6)
  4 iguanas
  3 orc wizards
  A scorpion zombie (D:2)
  7 gnolls
  8 adders
  6 river rats
  A white imp (D:4)
  4 ufetubi
  An adder zombie (D:2)
  4 ribbon worms
  20 orcs
  4 endoplasms
  8 giant cockroaches
  7 goblins
  7 hobgoblins
  10 jackals
  6 quokkas
  9 ball pythons
  A ball python zombie (D:2)
  4 bats
  2 frilled lizards
  A giant cockroach zombie (D:2)
  21 kobolds
  12 rats
  A spectral orc (D:6)
186 creatures vanquished.

Notes
Turn   | Place    | Note
-------+----------+-------------------------------------------
     0 | D:1      | Newt the Kobold Hunter began the quest for the Orb.
     0 | D:1      | Reached XP level 1. HP: 12/12 MP: 1/1
   114 | D:1      | Reached XP level 2. HP: 18/18 MP: 2/2
   394 | D:1      | Reached XP level 3. HP: 23/23 MP: 3/3
   663 | D:1      | Found Horucom's Distillery.
   669 | D:1      | Bought a potion of curing for 39 gold pieces
   669 | D:1      | Bought a potion of degeneration for 13 gold pieces
  1176 | D:2      | Reached XP level 4. HP: 24/30 MP: 4/4
  1456 | D:2      | Reached skill level 5 in Fighting
  1847 | D:3      | Reached XP level 5. HP: 35/35 MP: 5/5
  2059 | D:3      | Reached skill level 6 in Ranged Weapons
  2189 | D:3      | Found a bloodstained altar of Trog.
  2397 | D:4      | Reached skill level 7 in Ranged Weapons
  2397 | D:4      | Reached XP level 6. HP: 34/40 MP: 6/6
  2634 | D:4      | Noticed an ogre
  2640 | D:4      | Killed an ogre
  2641 | D:4      | Reached skill level 8 in Ranged Weapons
  2738 | D:4      | Reached XP level 7. HP: 44/44 MP: 7/7
  3033 | D:4      | Found a radiant altar of Vehumet.
  3220 | D:4      | Reached skill level 9 in Ranged Weapons
  3400 | D:1      | Bought a potion of lignification for 39 gold pieces
  3400 | D:1      | Bought a potion of resistance for 130 gold pieces
  3512 | D:5      | Entered Level 5 of the Dungeon
  3605 | D:5      | Noticed Pikel
  3631 | D:5      | Killed Pikel
  3632 | D:5      | Reached skill level 10 in Ranged Weapons
  3632 | D:5      | Reached XP level 8. HP: 23/49 MP: 8/8
  4960 | D:6      | Reached XP level 9. HP: 47/56 MP: 9/9
  5098 | D:6      | Found a sacrificial altar of Ru.
  5308 | D:6      | Found a glowing drain.
  5318 | Sewer    | Entered a sewer
  5504 | Sewer    | Reached skill level 1 in Evocations
  6194 | D:6      | Reached skill level 5 in Evocations
  6514 | D:6      | Noticed Menkaure
  6522 | D:6      | Killed Menkaure
  6570 | D:6      | Found a basalt altar of Yredelemnul.
  7129 | D:7      | Found a hide-covered altar of Uskayaw.
  7160 | D:7      | Reached skill level 11 in Ranged Weapons
  7310 | D:7      | Found an opulent altar of Gozag.
  7394 | D:7      | Reached XP level 10. HP: 29/64 MP: 10/10
  7578 | D:7      | Found a staircase to the Ecumenical Temple.
  7595 | Temple   | Entered the Ecumenical Temple
  7719 | D:7      | Identified the +2 robe of Kindness {rN+ Str+3}
  8115 | D:7      | Reached skill level 12 in Ranged Weapons
  8514 | D:8      | Killed from afar by a steam dragon

Illustrated notes

Levels and vault maps discovered:
D:1:      amcnicky_arrival_double_pillar, layout_loops_ring, serial_shops, shop
D:2:      layout_basic, serial_undead, serial_undead_f, serial_undead_c,
          serial_undead_b, serial_undead_c, minmay_misc_feat_x,
          minmay_small_reverse_x
D:3:      layout_rooms, overflow_temple_1_default
D:4:      layout_basic, lemuel_coloured_pillars_altar,
          kennysheep_generic_room_12
D:5:      layout_loops_cross, uniq_pikel
D:6:      layout_basic, nicolae_ru_awakened_eye,
          yredelemnul_forgotten_temple_becter, portal_sewer_entry_e,
          minivault_23, uniq_menkaure
D:7:      layout_basic, nicolae_uskayaw_dance_studio,
          nicolae_gozag_seed_capital, minmay_temple_entry_slanted
D:8:      layout_rooms
Temple:   grunt_temple_mini_profane

Skill      XL: |  1  2  3  4  5  6  7  8  9 10 |
---------------+-------------------------------+-----
Fighting       | 3 4 5 6 8 |  8.0
Ranged Weapons | 7 8 10 11 12 | 12.2
Dodging        | 6 7 |  7.0
Evocations     | 6 |  6.0
Stealth        | |  1.3

Action                     |  1- 3 |  4- 6 |  7- 9 | 10-12 || total
---------------------------+-------+-------+-------+-------++-------
   Fire: Shortbow          |   104 |   147 |   373 |    72 ||   696
  Evoke: Wand              |       |       |     1 |       ||     1
    Use: Scroll            |     7 |     5 |     5 |       ||    17
         Potion            |       |     1 |     1 |     2 ||     4
 Armour: Leather armour    |    29 |    38 |    81 |       ||   148
         Skin              |       |       |    11 |       ||    11
         Robe              |       |       |       |    26 ||    26
  Dodge: Dodged            |    50 |    66 |   173 |    54 ||   343

Table legend: (Time is in decaauts)
 A = Elapsed time spent in this place.
 B = Non-inter-level travel time spent in this place.
 C = Inter-level travel time spent in this place.
 D = Time resting spent in this place.
 E = Time spent auto-exploring this place.
 F = Levels seen in this place.
 G = Mean time per level.
                   A        B        C        D        E       F      G
               +--------+--------+--------+--------+--------+-----+--------+
         Total |   8702 |   8371 |    331 |   1273 |   5893 |  10 |  870.2 |
       Dungeon |   7735 |   7406 |    329 |   1273 |   5087 |   8 |  966.9 |
        Temple |      1 |      0 |      1 |      0 |      0 |   1 |    1.0 |
         Sewer |    965 |    965 |      0 |      0 |    806 |   1 |  965.0 |
               +--------+--------+--------+--------+--------+-----+--------+

Top non-repeatable levels by time:
     D:6: 1426 daAuts
     D:5: 1324 daAuts
     D:7: 1297 daAuts
     D:2: 1146 daAuts
     D:4: 1007 daAuts
   Sewer: 965 daAuts
     D:1: 812 daAuts
     D:3: 588 daAuts
     D:8: 132 daAuts
  Temple: 1 daAuts
